 Dungeon Crawl Stone Soup version 0.31-a0-236-g9a0961fb85 (webtiles) character file.

Game seed: 17720748034268471531

86 qw the Shooter (level 4, -4/36 HPs)
             Began as a Minotaur Hexslinger on July 10, 2023.
             Slain by a scorpion (7 damage)
             ... on level 6 of the Dungeon.
             The game lasted 00:00:34 (1637 turns).

qw the Shooter (Minotaur Hexslinger)                Turns: 1637, Time: 00:00:35

Health: -4/36      AC:  3    Str: 13    XL:     4   Next: 27%
Magic:  4/4        EV: 12    Int: 10    God:
Gold:   58         SH:  0    Dex: 14    Spells: 4/5 levels left

rFire   . . .        Y - +1 sling
rCold   . . .        (no shield)
rNeg    . . .        d - +0 leather armour
rPois   .            (helmet restricted)
rElec   .            (no cloak)
rCorr   .            (no gloves)
SInv    .            (no boots)
Will    .....        (no amulet)
Stlth   +            (no ring)
HPRegen 0.26/turn    (no ring)
MPRegen 0.09/turn

%: no passive effects
@: lethally poisoned (-4 -> -8)
A: horns 2, retaliatory headbutt
a: no special abilities


You were on level 6 of the Dungeon.
You visited 1 branch of the dungeon, and saw 4 of its levels.

You collected 58 gold pieces.


Innate Abilities, Weirdness & Mutations

You have a pair of horns on your head.
You reflexively headbutt those who attack you in melee.


   Skills:
 - Level 2.1 Fighting
 + Level 4.8 Ranged Weapons
 - Level 2.1 Dodging
 - Level 1.0 Spellcasting
 - Level 2.0 Hexes


You had 4 spell levels left.
You knew the following spells:

 Your Spells              Type           Power      Damage    Failure   Level
a - Slow                  Hex            16%        N/A       19%         1

Your spell library contained the following spells:

 Spells                   Type           Power      Damage    Failure   Level
 Inner Flame              Hex/Fire       2%         N/A       65%         3
 Portal Projectile        Hex/Tloc       4%         N/A       65%         3
 Cause Fear               Hex            2%         N/A       88%         4

Inventory:

Hand Weapons
 Y - a +1 sling (weapon)
Armour
 b - a +0 ring mail
 d - a +0 leather armour (worn)
Potions
 a - a potion of brilliance {unknown}
 e - a potion of curing
 f - a potion of heal wounds {unknown}

Dungeon Overview and Level Annotations

Branches:
Dungeon (3/15)

Altars:

Annotations:
D:6 Eustachio


Message History

The bat's corpse disappears in a puff of smoke!
Eustachio hits you with a +0 rapier.
The quokka twitches its whiskers.
The quokka closely misses you. You furiously retaliate!
You headbutt the quokka!
You kill the quokka!
The quokka's corpse disappears in a puff of smoke!
You shoot a sling bullet.
The sling bullet closely misses Eustachio.
Eustachio gestures wildly while chanting.
The orc priest mumbles some strange prayers to Beogh against you.
Pain shoots through your body!
You shoot a sling bullet.
The sling bullet hits Eustachio but does no damage.
Eustachio is lightly wounded.
The bat hits you but does no damage. Eustachio hits you with a +0 rapier.
The orc priest misses you. You furiously retaliate!
You headbutt the orc priest! The bat hits you but does no damage.
The scorpion stings you.
You are poisoned.
The scorpion poisons you!
You shoot a sling bullet. The sling bullet hits the orc priest!
You kill the orc priest!
You feel very sick. The bat barely misses you. Eustachio barely misses you.
You furiously retaliate!
You headbutt Eustachio, but do no damage.
An orc priest comes into view. It is wielding a +0 whip.
The scorpion closely misses you.
Eustachio gestures wildly while chanting.
Eustachio blinks!
You have reached level 4!
You feel stronger.
You shoot a sling bullet. The sling bullet hits the scorpion.
The scorpion is moderately wounded.
You feel sick. The bat closely misses you. The scorpion stings you.
The river rat closely misses you.
Eustachio mumbles some strange words.
Eustachio blinks!
You shoot a sling bullet.
The sling bullet hits the scorpion but does no damage.
The scorpion is moderately wounded.
You feel sick. The bat hits you but does no damage. The scorpion stings you!
You die...

#######....#
........####
#######.# #.#
#.# #.# ##.##
#...##
#.#.@.#
#.##brs..o.@#
## ##..####.#
#.## ..# #.#
#.# #.#


You could see Eustachio, a scorpion, an orc priest, a river rat (summoned) and a
bat (summoned).

Vanquished Creatures
  An orc priest (D:6)
  A worm (D:3)
  2 dart slugs (D:1)
  An orc (D:3)
  5 ball pythons
  4 endoplasms
  7 goblins
  2 hobgoblins
  3 jackals (D:1)
  7 kobolds
  3 quokkas (D:1)
  2 bats (D:1)
  A frilled lizard (D:2)
  4 rats
43 creatures vanquished.

Notes
Turn   | Place    | Note
-------+----------+-------------------------------------------
     0 | D:1      | qw the Minotaur Hexslinger began the quest for the Orb.
     0 | D:1      | Reached XP level 1. HP: 16/16 MP: 1/1
     0 | D:1      | 0 ||| qw: Version: 0.3-a-52-g30416fa
     0 | D:1      | 0 ||| qw: Game counter: 4687
     0 | D:1      | 0 ||| qw: Melee chars always use a shield: true
     0 | D:1      | 0 ||| qw: God list: Okawaru
     0 | D:1      | 0 ||| qw: Allow faded altars: false
     0 | D:1      | 0 ||| qw: Do Orc after clearing Dungeon:15 true
     0 | D:1      | 0 ||| qw: Do second Lair branch before Depths: true
     0 | D:1      | 0 ||| qw: Lair rune preference: random
     0 | D:1      | 0 ||| qw: Goals: Normal
     0 | D:1      | 0 ||| PLANNING D:1-11
   121 | D:1      | Reached skill level 3 in Ranged Weapons
   122 | D:1      | Reached XP level 2. HP: 20/23 MP: 2/2
   201 | D:1      | 201 ||| FLEEEEING.
   204 | D:1      | 204 ||| FLEEEEING.
   417 | D:1      | Reached XP level 3. HP: 29/29 MP: 3/3
   807 | D:1      | 807 ||| UPGRADING to +0 leather armour.
   817 | D:1      | 817 ||| DROPPING +0 robe.
   818 | D:1      | 818 ||| READING scroll labelled QAINNI XEZXIAZ.
   819 | D:1      | 819 ||| DROPPING scroll of poison.
  1078 | D:2      | Reached skill level 4 in Ranged Weapons
  1424 | D:2      | 1424 ||| READING scroll labelled MIETAE TOPRUCK.
  1425 | D:2      | 1425 ||| READING scroll labelled DOUSMUICOI.
  1430 | D:2      | 1430 ||| READING scroll labelled WOMICKIUHIY.
  1431 | D:2      | 1431 ||| DRINKING 2 clear potions.
  1610 | D:3      | You fall into a shaft and drop 3 floors!
  1625 | D:6      | Noticed Eustachio
  1630 | D:6      | Noticed a scorpion
  1635 | D:6      | HP: 6/29 [poisoned by a scorpion]
  1636 | D:6      | Reached XP level 4. HP: 7/36 MP: 4/4
  1637 | D:6      | Slain by a scorpion

Levels and vault maps discovered:
D:1:      erik_arrival_orb_chamber, layout_basic, serial_bayou_pond_a
D:2:      layout_basic
D:3:      layout_basic, old_standard_altar, hangedman_decor_slide_cut,
          minmay_pentomino_pile, uniq_jessica
D:6:      layout_loops_ring, minmay_temple_entry_glass,
          ebering_ghost_inner_flame, minmay_misc_feat_cross, uniq_eustachio

Skill      XL: |  1  2  3 |
---------------+----------+-----
Ranged Weapons | 3 4 |  4.8
Fighting       | 2 |  2.1
Dodging        | |  2.1
Spellcasting   | |  1.0
Hexes          | |  2.0

Action                     |  1- 3 |  4- 6 || total
---------------------------+-------+-------++-------
   Fire: Sling             |   115 |     2 ||   117
    Use: Scroll            |     4 |       ||     4
         Potion            |     1 |       ||     1
 Armour: Robe              |     9 |       ||     9
         Leather armour    |     2 |     1 ||     3
  Dodge: Dodged            |    42 |     2 ||    44

Table legend:
 A = Non-vault XP
 B = Vault XP
 C = Vault XP percentage of total XP
 D = Non-vault monster count
 E = Vault monster count
 F = Vault count percentage of total count
                 A         B        C        D         E       F
            +---------+---------+-------+---------+---------+-------
      Total |     124 |       0 |   0.0 |      43 |       0 |   0.0
            +---------+---------+-------+---------+---------+-------
        D:1 |      54 |       0 |   0.0 |      28 |       0 |   0.0
        D:2 |      19 |       0 |   0.0 |      12 |       0 |   0.0
        D:3 |       8 |       0 |   0.0 |       2 |       0 |   0.0
        D:6 |      43 |       0 |   0.0 |       1 |       0 |   0.0
            +---------+---------+-------+---------+---------+-------
